 Dungeon Crawl Stone Soup version 0.29-a0-517-gbdf32494f2 (webtiles) character file.

Game seed: 8139111880913645298

743 hquester the Schismatic (level 7, 0/55 HPs)
             Began as a Demonspawn Abyssal Knight on May 30, 2022.
             Was an Elder of Lugonu.
             Killed from afar by Maggie (16 damage)
             ... with a bolt of fire
             ... on level 6 of the Dungeon.
             The game lasted 00:13:13 (5321 turns).

hquester the Schismatic (Demonspawn Abyssal Knight) Turns: 5321, Time: 00:13:16

Health: 0/55       AC: 11    Str: 16    XL:     7   Next: 47%
Magic:  11/11      EV:  8    Int: 11    God:    Lugonu [****..]
Gold:   235        SH:  0    Dex: 19    Spells: 6/6 levels left

rFire   . . .      SeeInvis .   a - +1 mace
rCold   . . .      Faith    .   (no shield)
rNeg    . . .      Spirit   .   l - +1 chain mail {Will+}
rPois   .          Reflect  .   (helmet restricted)
rElec   .          Harm     .   (no cloak)
rCorr   .          Rampage  .   (no gloves)
Will    +....                   (no boots)
Stlth   ..........              (no amulet)
HPRegen 0.18/turn               p - +6 ring of dexterity
MPRegen 0.12/turn               (no ring)

@: mesmerised
A: horns 2, sharp scales 1
a: Renounce Religion, Depart the Abyss, Bend Space, Banish, Corrupt


You were on level 6 of the Dungeon.
You worshipped Lugonu.
Lugonu was greatly pleased with you.
You visited 1 branch of the dungeon, and saw 5 of its levels.
You visited the Abyss 1 time.

You collected 235 gold pieces.

Inventory:

Hand Weapons
 a - a +1 mace (weapon)
 n - a +2 short sword of speed
 r - a +0 double sword
Armour
 b - a +0 leather armour
 f - a +0 ring mail
 l - a +1 chain mail of willpower (worn)
Jewellery
 p - a +6 ring of dexterity (left hand)
Wands
 s - a wand of iceblast (11)
Scrolls
 d - a scroll of blinking {unknown}
 e - 3 scrolls of noise {unknown}
 h - 3 scrolls of identify {unknown}
 i - 2 scrolls of amnesia {unknown}
 j - 2 scrolls of immolation {unknown}
 m - 3 scrolls of teleportation {unknown}
 q - a scroll of torment {unknown}
Potions
 c - a potion of heal wounds
 g - 2 potions of degeneration


   Skills:
 + Level 4.7 Fighting
 + Level 3.7 Maces & Flails
 + Level 3.7 Armour
 + Level 3.3 Dodging
 + Level 5.4 Invocations


You had 6 spell levels left.
You didn't know any spells.
Your spell library contained the following spells:

 Spells                   Type           Power      Damage    Failure   Level
 Gell's Gravitas          Tloc           0%         N/A       100%        3
 Lesser Beckoning         Tloc           0%         N/A       100%        3
 Teleport Other           Tloc           0%         N/A       100%        3
 Conjure Ball Lightning   Conj/Air       0%         3x3d6     100%        6
 Discord                  Hex            0%         N/A       100%        8
 Disjunction              Tloc           0%         N/A       100%        8


Dungeon Overview and Level Annotations

Branches:
Dungeon (4/15)
 Temple: D:4-7

Altars:
Gozag

Shops:
D:1 (

Annotations:
D:6 Maggie


Innate Abilities, Weirdness & Mutations

You have a pair of horns on your head.
You are partially covered in razor-sharp scales. (AC +1, Slay +1)


Message History

Maggie closely misses you.
You hit Maggie but do no damage. Your headbutt misses Maggie.
Maggie is moderately wounded.
Maggie hits you with a +0 war axe of flaming.
Maggie burns you.
You barely miss Maggie. You headbutt Maggie.
You punch Maggie, but do no damage.
Maggie is moderately wounded.
Maggie hits you with a +0 war axe of flaming!
Maggie burns you. Maggie gestures at you while chanting.
The bolt of fire hits you!
You closely miss Maggie. You headbutt Maggie.
Maggie is moderately wounded.
Maggie barely misses you.
You sock Maggie!
Maggie is severely wounded.
Maggie gestures at you while chanting. The bolt of fire hits you!
* * * LOW HITPOINT WARNING * * *
You feel much better.
Maggie hits you with a +0 war axe of flaming!
Maggie burns you.
You hit Maggie.
Maggie is severely wounded.
Maggie gestures at you while chanting. The bolt of fire misses you.
You hit Maggie.
Maggie is severely wounded.
Maggie hits you with a +0 war axe of flaming.
Maggie burns you.
* * * LOW HITPOINT WARNING * * *
You barely miss Maggie.
Maggie is severely wounded.
Maggie casts a spell.
Maggie attempts to bespell you!
You are mesmerised by Maggie!
Maggie gestures at you while chanting. The bolt of fire hits you!
You die...

#.........###
##.#..<...... .
............ ..
##.#.....?. ...
..........#....
............... #
.......@.$...#
.###.#######><..@#######
.h...#.... +............
.........###.^..........
.........#.'............
#........#)#............
#........#........[.....
#........').............
#.......รท##...)..#######
........).+...........


You could see Maggie (mesmerising).

Vanquished Creatures
  Duvessa (D:4)
  An ogre (D:3)
  A bullfrog (D:6)
  Dowan (D:4)
  2 howler monkeys (D:6)
  4 hounds
  An iguana (D:6)
  Robin (D:2)
  9 gnolls
  2 adders
  2 worms
  A dart slug (D:1)
  8 orcs
  7 endoplasms
  3 giant cockroaches (D:1)
  14 goblins
  5 hobgoblins
  4 jackals (D:4)
  13 kobolds
  3 quokkas
  8 ball pythons
  4 bats
  3 frilled lizards
  5 rats
103 creatures vanquished.

Notes
Turn   | Place    | Note
-------+----------+-------------------------------------------
     0 | Abyss:1  | hquester the Demonspawn Abyssal Knight began the quest for
                  | the Orb.
     0 | Abyss:1  | Reached XP level 1. HP: 18/18 MP: 2/2
     9 | D:1      | Escaped the Abyss
    82 | D:1      | Reached skill level 1 in Dodging
   367 | D:1      | Found a faded altar of an unknown god.
   403 | D:1      | Gained mutation: You are partially covered in razor-sharp
                  | scales. (AC +1, Slay +1) [demonic ancestry]
   403 | D:1      | Reached XP level 2. HP: 19/24 MP: 4/4
   932 | D:1      | Reached skill level 3 in Invocations
   932 | D:1      | Gained mutation: You have a pair of small horns on your
                  | head. [demonic ancestry]
   932 | D:1      | Reached XP level 3. HP: 29/29 MP: 5/5
  1502 | D:1      | Found Hauzue's Weapon Shop.
  2216 | D:2      | Reached *** piety under Lugonu
  2327 | D:2      | Noticed Robin
  2328 | D:2      | Reached XP level 4. HP: 35/35 MP: 6/6
  2348 | D:2      | Killed Robin
  3124 | D:3      | Noticed an ogre
  3135 | D:3      | Killed an ogre
  3136 | D:3      | Reached skill level 4 in Invocations
  3136 | D:3      | Reached XP level 5. HP: 15/42 MP: 6/8
  4169 | D:4      | Found an opulent altar of Gozag.
  4475 | D:4      | Reached **** piety under Lugonu
  4484 | D:4      | Noticed Duvessa
  4484 | D:4      | Noticed Dowan
  4506 | D:4      | Killed Duvessa
  4507 | D:4      | Gained mutation: You have a pair of horns on your head.
                  | [demonic ancestry]
  4507 | D:4      | Reached XP level 6. HP: 9/48 MP: 9/9
  4522 | D:4      | Killed Dowan
  4879 | D:4      | You fall into a shaft and drop 2 floors!
  4898 | D:6      | Reached skill level 5 in Invocations
  4906 | D:6      | Reached XP level 7. HP: 31/55 MP: 10/10
  5308 | D:6      | Noticed Maggie
  5321 | D:6      | Killed from afar by Maggie

Illustrated notes

Levels and vault maps discovered:
D:1:      lemuel_arrival_river_ford, layout_loops_corners, serial_shops,
          nicolae_shop_bloodbath_and_beyond, chequers_ecumenical_altar_island,
          due_unseen_surprise
D:2:      layout_loops_corners, uniq_robin
D:3:      layout_loops_ring
D:4:      layout_loops_corners, nicolae_gozag_cash_rules_everything_around_me,
          kennysheep_small_square, uniq_duvessa
D:6:      layout_basic, uniq_maggie

Skill      XL: |  1  2  3  4  5  6 |
---------------+-------------------+-----
Dodging        | 1 2 3 |  3.3
Armour         | 2 3 |  3.7
Maces & Flails | 2 3 |  3.7
Invocations    | 3 4 5 |  5.4
Fighting       | 4 |  4.7

Action                   |  1- 3 |  4- 6 |  7- 9 || total
-------------------------+-------+-------+-------++-------
Melee: Mace              |   109 |   161 |    51 ||   321
       Headbutt          |     5 |    26 |    12 ||    43
       Punch             |       |     2 |     1 ||     3
  Use: Potion            |       |     5 |     1 ||     6
Armor: Leather armour    |    20 |       |       ||    20
       Ring mail         |    23 |       |       ||    23
       Chain mail        |     4 |    89 |    17 ||   110
Dodge: Dodged            |    61 |    71 |    26 ||   158

Table legend: (Time is in decaauts)
 A = Elapsed time spent in this place.
 B = Non-inter-level travel time spent in this place.
 C = Inter-level travel time spent in this place.
 D = Time resting spent in this place.
 E = Time spent auto-exploring this place.
 F = Levels seen in this place.
 G = Mean time per level.
                   A        B        C        D        E       F      G
               +--------+--------+--------+--------+--------+-----+--------+
         Total |   5425 |   5336 |     89 |   1375 |   2984 |   6 |  904.2 |
       Dungeon |   5416 |   5327 |     89 |   1375 |   2982 |   5 | 1083.2 |
         Abyss |      9 |      9 |      0 |      0 |      2 |   1 |    9.0 |
               +--------+--------+--------+--------+--------+-----+--------+

Top non-repeatable levels by time:
     D:1: 1738 daAuts
     D:2: 1263 daAuts
     D:4: 1019 daAuts
     D:3: 935 daAuts
     D:6: 457 daAuts
 Abyss:1: 9 daAuts
